 Dungeon Sprint DCSS version 0.32-a0-171-g4625e66871 (webtiles) character file.

Game seed: 215362665071534980

1216 Conn the Arsonist (level 8, -13/46 HPs)
             Began as an Octopode Fire Elementalist on Feb 10, 2024.
             Was a Priest of Sif Muna.
             Mangled by Erolcha
             ... wielding a +0 giant club
              (31 damage)
             ... in the Dungeon (Sprint III: "The Ten Rune Challenge") on Feb 12, 2024.
             The game lasted 00:09:26 (1657 turns).

Conn the Arsonist (Octopode Fire Elementalist)      Turns: 1657, Time: 00:09:26

Health: -13/46     AC:  1    Str:  7    XL:     8   Next: 46%
Magic:  7/20       EV: 16    Int: 18    God:    Sif Muna [***...]
Gold:   42         SH:  0    Dex: 16    Spells: 2/23 levels left

rFire   . . .        k - +0 dagger
rCold   . . .        (no shield)
rNeg    . . .        (helmet restricted)
rPois   +            (no amulet)
rElec   .            (no ring)
rCorr   .            (no ring)
SInv    .            (no ring)
Will    .....        (no ring)
Stlth   ++++         (no ring)
HPRegen 0.27/turn    (no ring)
MPRegen 0.17/turn    (no ring)
                     (no ring)

%: no teleportation
@: on blink cooldown, hasted, very quick
A: almost no armour, amphibious, 8 rings, camouflage 1, gelatinous body 1,
(nimble swimmer 1), tentacles, agile 1, poison resistance
a: Renounce Religion, Channel Magic, Forget Spell


You were in the Dungeon.
You worshipped Sif Muna.
Sif Muna was most pleased with you.
You visited 1 branch You collected 42 gold pieces.

Inventory:

Hand Weapons
 k - a +0 dagger (weapon)
Scrolls
 e - a scroll of immolation {unknown}
 f - a scroll of blinking
 g - a scroll of identify {unknown}
 i - a scroll of torment {unknown}
 j - a scroll of revelation {unknown}
Potions
 a - 3 potions of magic
 b - a potion of curing
 c - 5 potions of mutation
 h - 3 potions of enlightenment


   Skills:
 + Level 6.4 Dodging
 - Level 5.0 Stealth
 - Level 1.4 Unarmed Combat
 + Level 8.0 Spellcasting
 * Level 8.1 Conjurations
 + Level 5.1 Hexes
 + Level 4.9 Translocations
 + Level 9.4 Fire Magic
 + Level 3.9 Invocations


You had 2 spell levels left.
You knew the following spells:

 Your Spells              Type           Power      Damage    Failure   Level
a - Foxfire               Conj/Fire      100%       2x1d9     1%          1
b - Scorch                Fire           82%        2d8       1%          2
c - Inner Flame           Hex/Fire       33%        N/A       1%          3
d - Flame Wave            Conj/Fire      38%        2d10      2%          4
e - Blink                 Tloc           50%        N/A       1%          2
f - Dazzling Flash        Conj/Hex       62%        N/A       1%          3
g - Starburst             Conj/Fire      19%        6d7       38%         6

Your spell library contained the following spells:

 Spells                   Type           Power      Damage    Failure   Level
 Lesser Beckoning         Tloc           50%        N/A       1%          2
 Momentum Strike          Conj/Tloc      60%        3d9       1%          2
 Volatile Blastmotes      Fire/Tloc      66%        2d15      1%          3
 Maxwell's Capacitive Co  Air            3%         ∞         100%        8


Dungeon Overview and Level Annotations

Branches:
Dungeon (1/1)

Altars:
Cheibriados
Dithmenos
Fedhas
Gozag
Hepliaklqana
Kikubaaqudgha
Makhleb
Nemelex Xobeh
Okawaru
Qazlal
Ru
Sif Muna
Trog
Uskayaw
Vehumet
Wu Jian
Xom
Yredelemnul
Jiyva
Lugonu

Annotations:
D Erolcha


Innate Abilities, Weirdness & Mutations

You cannot wear most types of armour.
You are amphibious.
You can wear up to eight rings at the same time.
Your skin changes colour to match your surroundings (Stealth+).
Your rubbery body absorbs attacks. (AC +1, EV +1)
((You are camouflaged when in or above water. (Stealth+)))
You have tentacles for arms and can constrict up to eight enemies at once.
You are agile. (Dex +4, Str/Int -1)
Your system is resistant to poisons. (rPois)


Message History

Casting: Dazzling Flash (safe; 1% risk of failure)
Confirm with . or Enter, or press ? or * to list all spells.
Okay, then.
Something hits you!
Items here: )))).
There is an open door here.
You close the door.
Something unseen opens the door.
Casting: Dazzling Flash (safe; 1% risk of failure)
Confirm with . or Enter, or press ? or * to list all spells.
Okay, then.
Unknown command.
Unknown command.
Unknown command.
You feel yourself speed up.
Okay, then.
Unknown command.
Casting: Dazzling Flash (safe; 1% risk of failure)
Confirm with . or Enter, or press ? or * to list all spells.
Flames lash something.
Something hits you!!
Casting: Scorch (safe; 1% risk of failure)
Confirm with . or Enter, or press ? or * to list all spells.
You blink.
Casting: Blink (safe; 1% risk of failure)
Confirm with . or Enter, or press ? or * to list all spells.
Flames lash something.
Casting: Scorch (safe; 1% risk of failure)
Confirm with . or Enter, or press ? or * to list all spells.
Flames lash something.
Okay, then.
Unknown command.
Casting: Scorch (safe; 1% risk of failure)
Confirm with . or Enter, or press ? or * to list all spells.
Casting: Flame Wave (dangerous; 2% risk of failure)
Press: ? - help, Dir - look around, f - activate A wave of flame ripples out!
The flame wave engulfs something! (Press . to intensify the flame waves.)
A wave of flame ripples out!
The flame wave engulfs something!
Something hits you!!
Ouch! That really hurt!
You die...

## ##.# ######## .#####..#
#___#__# †.#..#..# #__.#._#
..#..#..###+#)###)##
..##'#..#...)......#
.†###...'.)........#
.####...#...######'#
.###....#.⌠.#__#...#+############
.##.....#...#__#@..#....#.#.#....
.#......#'###v_#...##.#..#.##.###
#.#.....#)[.#__#...'##)#.#.##.#..
####....#___#__+...#...#..#..##.{
▓▓▓▓▓▓▓▓▓▓▓▓▓▓▓▓▓▓▓▓▓▓▓▓▓▓▓▓▓▓


There were no monsters in sight!

Vanquished Creatures
  A shadow (D)
  4 two-headed ogres (D)
  A necrophage (D)
  A scorpion (D)
  A water elemental (D)
  A jelly (D)
  An arcanist (D)
  A necromancer (D)
  3 humans (D)
  A kobold demonologist (D)
  An endoplasm (D)
  3 rats (D)
19 creatures vanquished.

Vanquished Creatures (others)
  98 foxfires (D)
98 creatures vanquished.

Grand Total: 117 creatures vanquished

Notes
Turn   | Place    | Note
-------+----------+-------------------------------------------
     0 | D        | Conn the Octopode Fire Elementalist began the quest for the
                  | Orb.
     0 | D        | Reached XP level 1. HP: 11/11 MP: 3/3
   108 | D        | Noticed a scorpion
   129 | D        | Reached skill level 4 in Fire Magic
   129 | D        | Reached XP level 2. HP: 7/17 MP: 1/6
   182 | D        | Learned a level 2 spell: Scorch
   192 | D        | Killed a scorpion
   193 | D        | Reached skill level 1 in Unarmed Combat
   193 | D        | Reached skill level 6 in Fire Magic
   193 | D        | Reached XP level 3. HP: 14/21 MP: 0/8
   193 | D        | Reached XP level 4. HP: 19/27 MP: 0/10
   198 | D        | Learned a level 3 spell: Inner Flame
   203 | D        | Learned a level 4 spell: Flame Wave
   203 | D        | Upgraded the game from 0.32-a0-135-g14f8b2e1af to
                  | 0.32-a0-171-g4625e66871
   290 | D        | Gained mutation: Your system is resistant to poisons.
                  | (rPois) [potion of mutation]
   290 | D        | Gained mutation: You are agile. (Dex +4, Str/Int -1)
                  | [potion of mutation]
   292 | D        | Noticed a water elemental
   301 | D        | Killed a water elemental
   302 | D        | Reached skill level 5 in Spellcasting
   302 | D        | Reached skill level 7 in Fire Magic
   302 | D        | Reached XP level 5. HP: 31/31 MP: 2/12
   382 | D        | Found a radiant altar of Vehumet.
   382 | D        | Found a shimmering blue altar of Sif Muna.
   382 | D        | Found an ancient bone altar of Kikubaaqudgha.
   388 | D        | Reached skill level 5 in Stealth
   395 | D        | Became a worshipper of Sif Muna the Loreminder
   455 | D        | Learned a level 2 spell: Blink
   459 | D        | Learned a level 3 spell: Dazzling Flash
   475 | D        | Reached skill level 1 in Hexes
   475 | D        | Reached skill level 8 in Fire Magic
   476 | D        | Noticed a shadow
   479 | D        | Killed a shadow
   480 | D        | Reached skill level 5 in Conjurations
   480 | D        | Reached XP level 6. HP: 36/36 MP: 1/15
   581 | D        | Found a blossoming altar of Fedhas.
   581 | D        | Found a stormy altar of Qazlal.
   582 | D        | Found a snail-covered altar of Cheibriados.
   582 | D        | Found a burning altar of Makhleb.
   582 | D        | Found a hazy altar of Hepliaklqana.
   582 | D        | Found a shimmering altar of Xom.
   582 | D        | Found an opulent altar of Gozag.
   582 | D        | Found a sparkling altar of Nemelex Xobeh.
   582 | D        | Found a corrupted altar of Lugonu.
   582 | D        | Found a viscous altar of Jiyva.
   582 | D        | Noticed a spatial vortex
   957 | D        | HP: 1/36 [spatial vortex (11)]
  1098 | D        | Found a basalt altar of Yredelemnul.
  1098 | D        | Found a shadowy altar of Dithmenos.
  1098 | D        | Found a sacrificial altar of Ru.
  1104 | D        | Reached * piety under Sif Muna
  1107 | D        | Reached skill level 5 in Dodging
  1107 | D        | Reached XP level 7. HP: 41/41 MP: 8/17
  1180 | D        | Found a hide-covered altar of Uskayaw.
  1180 | D        | Found an iron altar of Okawaru.
  1182 | D        | Found a bloodstained altar of Trog.
  1184 | D        | Found an ornate altar of the Wu Jian Council.
  1184 | D        | Noticed a human
  1186 | D        | Noticed a human
  1187 | D        | Killed a human
  1188 | D        | Reached skill level 1 in Invocations
  1190 | D        | Killed a human
  1190 | D        | Reached ** piety under Sif Muna
  1191 | D        | Reached skill level 9 in Fire Magic
  1279 | D        | Learned a level 6 spell: Starburst
  1301 | D        | Reached XP level 8. HP: 46/46 MP: 4/19
  1487 | D        | Noticed a two-headed ogre
  1519 | D        | Killed a two-headed ogre
  1519 | D        | Reached *** piety under Sif Muna
  1520 | D        | Reached skill level 5 in Hexes
  1630 | D        | Noticed a two-headed ogre
  1630 | D        | Noticed Erolcha
  1657 | D        | Mangled by Erolcha

Illustrated notes

Levels and vault maps discovered:
D:        dungeon_sprint_mu [sprint_mu_entry_cave, sprint_mu_temple_rooms,
          sprint_mu_d1_spiders, sprint_mu_d2_genie, sprint_mu_d3_branching,
          sprint_mu_orc_legion, sprint_mu_elf_gauntlet, sprint_mu_hive_nellie,
          sprint_mu_lair_fedhas, sprint_mu_vaults_butterflies,
          sprint_mu_slime_circle, sprint_mu_swamp_cave, sprint_mu_snake_twists,
          sprint_mu_blade_basic, sprint_mu_crypt_lich, sprint_mu_tomb_spiral,
          sprint_mu_vestibule_basic, sprint_mu_gehenna_hellfire,
          sprint_mu_dis_giant, sprint_mu_tartarus_statrot,
          sprint_mu_cocytus_islands, sprint_mu_zot1]

Skill      XL: |  1  2  3  4  5  6  7  8 |
---------------+-------------------------+-----
Stealth        | 3 4 5 |  5.0
Spellcasting   | 3 4 5 6 7 8 |  8.0
Fire Magic     | 4 6 7 8 9 |  9.4
Dodging        | 3 4 5 6 |  6.4
Unarmed Combat | 1 |  1.4
Conjurations   | 2 5 7 8 |  8.1
Hexes          | 2 3 4 5 |  5.1
Translocations | 2 3 4 |  4.9
Invocations    | 3 |  3.9

Action                     |  1- 3 |  4- 6 |  7- 9 || total
---------------------------+-------+-------+-------++-------
  Melee: Unarmed           |     9 |       |       ||     9
         Tentacles         |     3 |       |       ||     3
         Constrict         |     2 |       |       ||     2
   Cast: Foxfire           |     6 |    55 |     2 ||    63
         Scorch            |     3 |     7 |    19 ||    29
         Inner Flame       |       |     3 |     3 ||     6
         Blink             |       |       |     2 ||     2
         Dazzling Flash    |       |       |     1 ||     1
         Flame Wave        |       |       |     1 ||     1
    Use: Potion            |     2 |     1 |     1 ||     4
 Armour: Skin              |     6 |     2 |     4 ||    12
  Dodge: Dodged            |     4 |     2 |     7 ||    13

Table legend: (Time is in decaauts)
 A = Elapsed time spent in this place.
 B = Non-inter-level travel time spent in this place.
 C = Inter-level travel time spent in this place.
 D = Time resting spent in this place.
 E = Time spent auto-exploring this place.
 F = Levels seen in this place.
 G = Mean time per level.
                   A        B        C        D        E       F      G
               +--------+--------+--------+--------+--------+-----+--------+
         Total |   1667 |   1667 |      0 |   1072 |      0 |   1 | 1667.0 |
       Dungeon |   1667 |   1667 |      0 |   1072 |      0 |   1 | 1667.0 |
               +--------+--------+--------+--------+--------+-----+--------+

Top non-repeatable levels by time:
       D: 1667 daAuts
